 Dungeon Crawl Stone Soup version 0.29-a0-284-gf9362112df (webtiles) character file.

Game seed: 14020076585600353166

33 spaghetti the Skirmisher (level 3, -1/29 HPs)
             Began as a Demonspawn Warper on Mar 24, 2022.
             Was an Initiate of Yredelemnul.
             Slain by Terence
             ... wielding a +3 vorpal hand axe
              (2 damage)
             ... on level 2 of the Dungeon.
             The game lasted 00:02:38 (1877 turns).

spaghetti the Skirmisher (Demonspawn Warper)        Turns: 1877, Time: 00:02:39

Health: -1/29      AC:  3    Str: 10 (13) XL:     3   Next: 12%
Magic:  6/6        EV: 11    Int: 11 (14) God:    Yredelemnul [......]
Gold:   108        SH:  0    Dex:  9 (12) Spells: 6/6 levels left

rFire   . . .      SeeInvis .   g - +1 short sword (speed) {short}
rCold   . . .      Faith    .   (no shield)
rNeg    . . .      Spirit   .   b - +0 leather armour
rPois   .          Reflect  .   (no helmet)
rElec   .          Harm     .   (no cloak)
rCorr   .          Rampage  .   (no gloves)
Will    .....                   (no boots)
Stlth   +.........              j - amulet of regeneration {@e2}
HPRegen 0.89/turn               (no ring)
MPRegen 0.10/turn               (no ring)

@: no status effects
A: foul stench 1, weakness stinger 1
a: Renounce Religion, Recall Undead Harvest


You were on level 2 of the Dungeon.
You worshipped Yredelemnul.
Yredelemnul was noncommittal.
You visited 1 branch of the dungeon, and saw 2 of its levels.

You collected 108 gold pieces.


Innate Abilities, Weirdness & Mutations

You may rarely emit foul miasma when damaged in melee.
You have a small tail.


   Skills:
 + Level 3.0 Fighting
 - Level 1.7 Long Blades
 - Level 0.8 Throwing
 - Level 0.8 Armour
 - Level 1.7 Dodging
 - Level 2.0 Spellcasting
 - Level 2.6 Translocations
 * Level 2.4 Invocations


You had 6 spell levels left.
You didn't know any spells.
Your spell library contained the following spells:

 Spells                   Type           Power      Damage    Failure   Level
 Blink                    Tloc           14%        N/A       21%         2
 Magic Dart               Conj           4%         1d3       36%         1
 Gell's Gravitas          Tloc           7%         N/A       36%         3
 Lesser Beckoning         Tloc           7%         N/A       36%         3
 Teleport Other           Tloc           7%         N/A       36%         3
 Call Imp                 Summ           1%         N/A       52%         2
 Mephitic Cloud           Conj/Pois/Air  1%         N/A       75%         3
 Manifold Assault         Tloc           7%         N/A       98%         5

Inventory:

Hand Weapons
 a - a +0 falchion {long}
 g - a +1 short sword of speed (weapon) {short}
   (You took it off a kobold on level 1 of the Dungeon)
Missiles
 d - 7 boomerangs of dispersal {=f!fthrowing}
 f - 41 stones (quivered) {throwing}
Armour
 b - a +0 leather armour (worn)
Jewellery
 j - an amulet of regeneration (around neck) {@e2}
   (You found it on level 2 of the Dungeon)
Scrolls
 e - 5 scrolls of identify {unknown}
Potions
 h - a potion of magic

Dungeon Overview and Level Annotations

Branches:
Dungeon (2/15)

Altars:
Yredelemnul

Shops:
D:1 (

Annotations:
D:2 Terence

...#.......###.##
................#
......####.###..#
......####.# #..#
.........#.###..###
..................#
.........#.#..###.#
#.#...####.#..###.##
.......# #.#..##@@.#
.........#.#..##...#
#.####.#...#..##...#
#. .#...^..###.## #
####.#..# #.#
...#..# #.#
#.#.#.#..# #.#
.........## .#
......#...#


You could see Terence (very drained).


Message History

The endoplasm hits you but does no damage.
Your spectral endoplasm hits the endoplasm.
You hit the endoplasm but do no damage.
You tail-slap the endoplasm, but do no damage.
The endoplasm hits you. 😕 HP[-2]
You take 2 damage, and now have 24/29 hp.
You are too injured to fight recklessly!
You are too injured to fight recklessly!
You are too injured to fight recklessly!
You are too injured to fight recklessly!
An endoplasm is nearby!
An endoplasm is nearby!
You hit the endoplasm.
Your spectral endoplasm hits the endoplasm.
The endoplasm dies!
You see here a +0 dagger {short}.
Key pressed, stopping explore.
Key pressed, stopping explore.
You now have 94 gold pieces (gained 11).
e - 5 scrolls labelled UXOCKU QUOLOHA (gained 1) Key pressed, stopping explore.
Key pressed, stopping explore.
h - 2 yellow potions (gained 1)
You pick up a book of Minor Magic and begin reading...
You add the spells Magic Dart, Call Imp and Mephitic Cloud to your library. 😎 HP[+5]
Your hp is fully restored (29).
j - an amulet of regeneration {@e2} You start putting on your amulet.
You continue putting on your amulet of regeneration {@e2}. x5
You finish putting on your amulet of regeneration {@e2}.
The amulet throbs as it attunes itself to your uninjured body.
j - an amulet of regeneration (around neck) {@e2}
Found a stone staircase leading down.
You now have 108 gold pieces (gained 14).
You swap places.
k - a scroll labelled VOTUNI POSHEO You swap places.
Terence the Incautious comes into view.
He is wielding a +3 vorpal hand axe.
Terence shouts!
Terence hits you with a +3 vorpal hand axe. 😕 HP[-7]
You take 7 damage, and now have 22/29 hp.
MASSIVE DAMAGE!! (PAUSE)
You hit Terence.
Terence hits you with a +3 vorpal hand axe.
Terence hits your spectral endoplasm with a +3 vorpal hand axe.
Your spectral endoplasm hits Terence.
Your spectral endoplasm drains Terence. 😮 HP[-4]
You take 4 damage, and now have 18/29 hp.
You closely miss Terence.
You tail-slap Terence, but do no damage.
Terence closely misses you.
Terence hits your spectral endoplasm with a +3 vorpal hand axe.
Your spectral endoplasm is destroyed!
You hit Terence.
Your tail-slap misses Terence. 😮 HP[+1]
You hit Terence but do no damage.
Terence hits you but does no damage. 😮 HP[+1] Unknown command.
You closely miss Terence. You tail-slap Terence.
Terence hits you with a +3 vorpal hand axe!
* * * LOW HITPOINT WARNING * * *
x2 😨 HP[-10]
You take 10 damage, and now have 10/29 hp.
MASSIVE DAMAGE!! (PAUSE)
You barely miss Terence. 😨 HP[+1]
You aren't carrying any items that you can evoke.
It was a potion of magic.
Magic courses through your body.
Terence hits you with a +3 vorpal hand axe.
* * * LOW HITPOINT WARNING * * *
x2 😱 HP[-4]
You take 4 damage, and now have 7/29 hp.
It was a potion of curing.
You feel better.
Terence hits you with a +3 vorpal hand axe.
* * * LOW HITPOINT WARNING * * *
x2 It was a potion of degeneration.
There was something very wrong with that liquid.
You feel weakened.
You feel dopey.
You feel clumsy. Terence closely misses you.
You aren't carrying any items that you can evoke.
Okay, then.
As you read the scroll labelled VOTUNI POSHEO, it crumbles to dust.
It is a scroll of amnesia.
You feel forgetful for a moment. Terence barely misses you. 😨 HP[+1]
You aren't carrying any items that you can evoke.
You hit Terence.
Terence hits you with a +3 vorpal hand axe.
* * * LOW HITPOINT WARNING * * *
x2 😱 HP[-4]
You take 4 damage, and now have 4/29 hp.
Okay, then.
You hit Terence but do no damage.
Terence hits you with a +3 vorpal hand axe.
* * * LOW HITPOINT WARNING * * *
You die...
Your body rises from the dead as a mindless zombie.

Skill      XL: |  1  2 |
---------------+-------+-----
Invocations    | 2 |  2.4
Fighting       | 3 |  3.0
Long Blades    | |  1.7
Throwing       | |  0.8
Armour         | |  0.8
Dodging        | |  1.7
Spellcasting   | |  2.0
Translocations | |  2.6

Action                   || total
-------------------------++-------
Melee: Falchion          ||    42
       Short sword       ||    36
       Tailslap          ||    12
  Use: Scroll            ||     2
       Potion            ||     3
Armor: Leather armour    ||    28
Dodge: Dodged            ||    44

Levels and vault maps discovered:
D:1:      dpeg_arrival_round_b, layout_loops_ring,
          dreamdust_ecumenical_altar_sealed_demon, serial_shops,
          nicolae_shop_bloodbath_and_beyond, minmay_misc_feat_square,
          nrook_mini_vaults
D:2:      layout_loops_ring, kennysheep_generic_room_14, uniq_terence

Notes
Turn   | Place    | Note
-------+----------+-------------------------------------------
     0 | D:1      | spaghetti the Demonspawn Warper began the quest for the
                  | Orb.
     0 | D:1      | Reached XP level 1. HP: 16/16 MP: 3/3
     0 | D:1      | magus.rc [v1.9.6]
   248 | D:1      | HP: 3/17 [frozen (5)]
   251 | D:1      | Found a faded altar of an unknown god.
   259 | D:1      | Prayed at the altar of an unknown god.
   259 | D:1      | Became a worshipper of Yredelemnul the Dark
   259 | D:1      | Reached * piety under Yredelemnul
   694 | D:1      | Gained mutation: You have a small tail. [demonic ancestry]
   694 | D:1      | Reached XP level 2. HP: 19/23 MP: 5/5
   768 | D:1      | Reached skill level 1 in Invocations
  1025 | D:1      | Found Atraffoe's Weapon Shoppe.
  1189 | D:1      | Reached ** piety under Yredelemnul
  1331 | D:1      | Reached skill level 2 in Invocations
  1655 | D:2      | Reached skill level 3 in Fighting
  1655 | D:2      | Gained mutation: You may rarely emit foul miasma when
                  | damaged in melee. [demonic ancestry]
  1655 | D:2      | Reached XP level 3. HP: 29/29 MP: 6/6
  1811 | D:2      | You pick up a book of Minor Magic and begin reading...
  1811 | D:2      | You add the spells Magic Dart, Call Imp and Mephitic Cloud
                  | to your library.
  1862 | D:2      | Noticed Terence
  1872 | D:2      | HP: 7/29 [Terence/+3 vorpal hand axe (1)]
  1877 | D:2      | HP: 1/29 [Terence/+3 vorpal hand axe (4)]
  1877 | D:2      | Slain by Terence

Vanquished Creatures
  A dart slug (D:1)
  A worm (D:2)
  2 endoplasms
  6 kobolds
  A quokka (D:1)
  2 ball pythons (D:1)
  4 bats (D:1)
  4 frilled lizards (D:1)
  A goblin (D:1)
  2 rats (D:1)
24 creatures vanquished.

Vanquished Creatures (collateral kills)
  3 endoplasms
  A goblin (D:1)
  A kobold (D:1)
5 creatures vanquished.

Vanquished Creatures (others)
  2 giant cockroach zombies (D:1)
  A spectral endoplasm (D:2)
3 creatures vanquished.

Grand Total: 32 creatures vanquished

Table legend:
 A = Non-vault XP
 B = Vault XP
 C = Vault XP percentage of total XP
 D = Non-vault monster count
 E = Vault monster count
 F = Vault count percentage of total count
                 A         B        C        D         E       F
            +---------+---------+-------+---------+---------+-------
      Total |      48 |       0 |   0.0 |      29 |       0 |   0.0
            +---------+---------+-------+---------+---------+-------
        D:1 |      38 |       0 |   0.0 |      25 |       0 |   0.0
        D:2 |      10 |       0 |   0.0 |       4 |       0 |   0.0
            +---------+---------+-------+---------+---------+-------

Illustrated notes

Table legend:
 A = Kills in this place as a percentage of kills in entire the game.
 B = Kills by you in this place as a percentage of kills by you in the entire game.
 C = Kills by friends in this place as a percentage of kills by friends in the entire game.
 D = Other kills in this place as a percentage of other kills in the entire game.
 E = Experience gained in this place as a percentage of experience gained in the entire game.
 F = Experience gained in this place divided by the number of levels of this place that you have seen.
                   A       B       C       D       E      F
               +-------+-------+-------+-------+-------+----------------------
         Total | 100.0 | 100.0 | 100.0 |   N/A | 100.0 |  24.0
       Dungeon | 100.0 | 100.0 | 100.0 |   N/A | 100.0 |  24.0
               +-------+-------+-------+-------+-------+----------------------

Table legend: (Time is in decaauts)
 A = Elapsed time spent in this place.
 B = Non-inter-level travel time spent in this place.
 C = Inter-level travel time spent in this place.
 D = Time resting spent in this place.
 E = Time spent auto-exploring this place.
 F = Levels seen in this place.
 G = Mean time per level.
                   A        B        C        D        E       F      G
               +--------+--------+--------+--------+--------+-----+--------+
         Total |   1874 |   1841 |     33 |    213 |   1396 |   2 |  937.0 |
       Dungeon |   1874 |   1841 |     33 |    213 |   1396 |   2 |  937.0 |
               +--------+--------+--------+--------+--------+-----+--------+

Top non-repeatable levels by time:
     D:1: 1524 daAuts
     D:2: 350 daAuts
